 Dungeon Crawl Stone Soup version 0.21.1-1-g345015f (webtiles) character file.

4146 zishaf the Thaumaturge (level 10, -6/81 HPs)
             Began as a Purple Draconian Transmuter on July 11, 2018.
             Was a Follower of Sif Muna.
             Mangled by a wyvern (17 damage)
             ... on level 9 of the Dungeon.
             The game lasted 00:49:51 (11451 turns).

zishaf the Thaumaturge (DrTm)                      Turns: 11451, Time: 00:49:52

Health: -6/81      AC: 11    Str: 13    XL:     10   Next: 7%
Magic:  17/22      EV: 14    Int: 20    God:    Sif Muna [*.....]
Gold:   524        SH:  0    Dex: 14    Spells: 9/25 levels left

rFire    . . .     SeeInvis .   b - +5 mace of Wuiqy {crush, Int+4 Dex+2}
rCold    . . .     Gourm    .   (no shield)
rNeg     . . .     Faith    .   (armour unavailable)
rPois    .         Spirit   .   (helmet restricted)
rElec    .         Reflect  .   J - +0 cloak
rCorr    +         Harm     .   k - +1 pair of gloves
MR       +....                  j - +0 pair of boots
Stlth    +.........             v - amulet of rage
HPRegen  0.23/turn              w - ring of resist corrosion
MPRegen  0.18/turn              (no ring)

@: no status effects
A: breathe power, unfitting armour, cold-blooded, AC +7
a: Breathe Dispelling Energy, Divine Energy, Renounce Religion, Evoke Berserk
Rage


You were on level 9 of the Dungeon.
You worshipped Sif Muna.
Sif Muna was aware of your devotion.
You were very hungry.

You visited 2 branches of the dungeon, and saw 10 of its levels.

You collected 524 gold pieces.

Inventory:

Hand Weapons
 a - a +0 hunting sling
 b - the +5 mace of Wuiqy (weapon) {crush, Int+4 Dex+2}
   (You found it on level 6 of the Dungeon)

   It inflicts extra damage upon your enemies.
   It affects your intelligence (+4).
   It affects your dexterity (+2).
 F - the +8 falchion of Untruth {drain, +Fly rPois}
   (You found it on level 5 of the Dungeon)

   A truly terrible weapon, it drains the life of those it strikes.
   It protects you from poison.
   It lets you fly.
Missiles
 o - 119 arrows
 B - 79 sling bullets (quivered)
Armour
 j - a +0 pair of boots (worn)
 k - a +1 pair of gloves (worn)
 J - a +0 cloak (worn)
Jewellery
 v - an amulet of rage (around neck)
 w - a ring of resist corrosion (left hand)
Wands
 h - a wand of polymorph (10)
 C - a wand of acid (5)
 D - a wand of random effects (10)
 G - a wand of scattershot (3)
Scrolls
 d - a scroll of immolation {unknown}
 l - a scroll of noise {unknown}
 m - a scroll of fog {unknown}
 q - 2 scrolls of amnesia
 t - a scroll of blinking {unknown}
 u - 4 scrolls of remove curse
 x - a scroll of teleportation
 y - a scroll of enchant armour {unknown}
 z - a scroll of fear {unknown}
 I - a scroll of summoning {unknown}
 L - a scroll of silence {unknown}
Potions
 e - 3 potions of curing
 f - 4 potions of resistance
 g - 3 potions of might
 i - a potion of mutation
 n - 2 potions of heal wounds
 r - a potion of brilliance
 s - a potion of lignification
 A - a potion of cancellation
 E - a potion of haste
 H - a potion of degeneration
 K - a potion of berserk rage
 M - a potion of flight
Comestibles
 c - 18 rations


   Skills:
 * Level 5.0 Fighting
 - Level 1.3 Long Blades
 * Level 4.1 Maces & Flails
 - Level 3.1 Slings
 - Level 4.0 Dodging
 - Level 3.0 Unarmed Combat
 - Level 8.0 Spellcasting
 - Level 4.3 Hexes
 + Level 3.7 Necromancy
 - Level 3.0 Translocations
 - Level 4.0 Transmutations
 - Level 6.0 Evocations


You had 9 spell levels left.
You knew the following spells:

 Your Spells              Type           Power        Failure   Level  Hunger
a - Animate Skeleton      Necr           N/A          1%          1    None
b - Sticks to Snakes      Tmut           ###.....     2%          2    None
c - Blink                 Tloc           N/A          3%          2    None
d - Regeneration          Chrm/Necr      ###.......   12%         3    None
e - Spider Form           Tmut/Pois      ###.......   11%         3    None
f - Ice Form              Ice/Tmut       ###.....     36%         4    ###....
g - Confusing Touch       Hex            ####..       1%          1    None


Dungeon Overview and Level Annotations

Branches:
Dungeon (9/15)             Temple (1/1) D:7            Lair (0/6) D:8
    Orc: D:9-12

Altars:
Ashenzari
Cheibriados
Dithmenos
Elyvilon
Fedhas
Gozag
Hepliaklqana
Kikubaaqudgha
Makhleb
Nemelex Xobeh
Okawaru
Qazlal
Ru
Sif Muna
Trog
Uskayaw
Vehumet
Wu Jian
Xom
Yredelemnul
Zin
The Shining One
Beogh

Annotations:
D:3 exclusion: downstairs


Innate Abilities, Weirdness & Mutations

You can breathe bolts of dispelling energy.
Your rich purple scales are hard. (AC +7)
You cannot fit into any form of body armour.
You are cold-blooded and may be slowed by cold attacks.


Message History

The wyvern barely misses your ball python.
Your adder closely misses the wyvern.
The wyvern bites your ball python!
Your ball python dies!
Your adder bites the wyvern but does no damage.
The wyvern misses your adder.
Your adder barely misses the wyvern.
The wyvern bites your adder! The wyvern bites your adder.
Your adder dies!
Casting: Sticks to Snakes
Confirm with . or Enter, or press ? or * to list all spells.
There is nothing here that can be animated!
Casting: Animate Skeleton
Confirm with . or Enter, or press ? or * to list all spells.
You create a snake!
You now have 120 arrows.
The wyvern hisses angrily.
Casting: Sticks to Snakes
Confirm with . or Enter, or press ? or * to list all spells.
You create a snake!
You now have 119 arrows.
The wyvern bites you!
You die...

#######'####
##..# ##..##
#..## #.##
####.#########
#..>.........#
###............#
.............)@#
###..........l.#
#..........SS#
#............#
#............#
#............#
##############


You could see a wyvern, a friendly adder and a friendly ball python.

Vanquished Creatures
  The ghost of benstark the Chopper, an amateur MiMo (D:4)
  Grinder (D:5)
  A human (D:9)
  A basilisk (D:8)
  A steam dragon (D:9)
  A hungry ghost (D:7)
  Menkaure (D:6)
  A swamp drake (D:8)
  A sky beast (D:5)
  5 orc warriors
  5 ogres
  2 phantoms
  4 crocodiles (D:8)
  A big kobold (D:7)
  6 bullfrogs
  A water moccasin zombie (D:6)
  2 scorpions (D:7)
  3 crimson imps
  3 orc priests
  4 hounds
  2 jellies
  4 orc wizards
  Ijyb (D:5)
  2 iguanas (D:7)
  4 worker ants
  A hound zombie (D:5)
  A hound skeleton (D:8)
  6 gnolls
  2 river rats (D:5)
  7 adders
  2 shadow imps
  2 oozes (D:5)
  3 adder zombies
  An adder skeleton (D:7)
  2 dart slugs
  5 leopard geckos
  32 orcs
  3 ball pythons
  4 giant cockroaches
  8 goblins
  7 hobgoblins
  8 jackals
  5 quokkas
  17 bats
  2 frilled lizards (D:1)
  2 jackal zombies
  15 kobolds
  4 rats
  A plant (D:5)
198 creatures vanquished.

Vanquished Creatures (collateral kills)
  A gnoll (D:2)
  A bat (D:1)
  2 goblins (D:1)
  A hobgoblin (D:1)
  2 kobolds (D:1)
7 creatures vanquished.

Grand Total: 205 creatures vanquished

Notes
Turn   | Place    | Note
-------+----------+-------------------------------------------
     0 | D:1      | zishaf the Draconian Transmuter began the quest for the Orb.
     0 | D:1      | Reached XP level 1. HP: 16/16 MP: 3/3
   395 | D:1      | Reached XP level 2. HP: 22/23 MP: 5/5
   399 | D:1      | Learned a level 2 spell: Sticks to Snakes
   992 | D:2      | Reached XP level 3. HP: 16/29 MP: 1/6
  1264 | D:2      | Reached XP level 4. HP: 5/37 MP: 1/8
  1657 | D:2      | Reached skill level 3 in Spellcasting
  1766 | D:1      | Reached skill level 1 in Slings
  1772 | D:1      | Learned a level 3 spell: Spider Form
  2554 | D:3      | Noticed an orc warrior
  2565 | D:3      | Killed an orc warrior
  2565 | D:3      | Reached XP level 5. HP: 45/45 MP: 6/10
  2772 | D:3      | Reached skill level 4 in Spellcasting
  3268 | D:4      | Noticed a phantom
  3532 | D:4      | Killed a phantom
  3532 | D:4      | Reached XP level 6. HP: 22/51 MP: 12/12
  3716 | D:4      | Found a sacrificial altar of Ru.
  3773 | D:4      | Noticed benstark's ghost (amateur MiMo)
  3834 | D:4      | Found a shadowy altar of Dithmenos.
  3942 | D:3      | Learned a level 4 spell: Ice Form
  4049 | D:4      | Killed benstark's ghost
  4049 | D:4      | Your scales start taking on a rich purple colour.
  4049 | D:4      | Reached XP level 7. HP: 50/60 MP: 10/14
  4785 | D:4      | Reached skill level 5 in Spellcasting
  4814 | D:5      | Entered Level 5 of the Dungeon
  4901 | D:5      | Reached skill level 5 in Fighting
  5014 | D:5      | Noticed Ijyb
  5040 | D:5      | Killed Ijyb
  5141 | D:5      | Noticed Grinder
  5166 | D:5      | Killed Grinder
  5347 | D:5      | Reached XP level 8. HP: 68/68 MP: 15/15
  5484 | D:5      | Got a fine falchion
  5485 | D:5      | Identified the +8 falchion of Untruth {drain, +Fly rPois} (You found it on level 5 of the Dungeon)
  5816 | D:5      | Reached skill level 5 in Evocations
  6055 | D:5      | Learned a level 1 spell: Confusing Touch
  6149 | D:6      | Noticed Menkaure
  6157 | D:6      | Killed Menkaure
  6157 | D:6      | Reached skill level 1 in Long Blades
  6157 | D:6      | Reached skill level 1 in Hexes
  6340 | D:6      | Got a brightly glowing mace
  6341 | D:6      | Identified the +5 mace of Wuiqy {crush, Int+4 Dex+2} (You found it on level 6 of the Dungeon)
  6424 | D:6      | Reached skill level 1 in Maces & Flails
  6554 | D:6      | Learned a level 2 spell: Blink
  7191 | D:7      | Reached skill level 1 in Translocations
  7191 | D:7      | Reached XP level 9. HP: 56/74 MP: 16/16
  7407 | D:7      | Found a sparkling altar of Nemelex Xobeh.
  8176 | D:7      | Found a staircase to the Ecumenical Temple.
  8192 | Temple   | Entered the Ecumenical Temple
  8454 | Temple   | Became a worshipper of Sif Muna the Loreminder
  8501 | Temple   | Learned a level 3 spell: Regeneration
  8503 | Temple   | Learned a level 1 spell: Animate Skeleton
  8738 | D:8      | Reached skill level 1 in Necromancy
  9256 | D:8      | Reached skill level 6 in Spellcasting
  9706 | D:8      | Found a staircase to the Lair.
  9717 | D:8      | Reached skill level 7 in Spellcasting
 10123 | D:8      | Reached * piety under Sif Muna
 10591 | D:9      | Found a roughly hewn altar of Beogh.
 10936 | D:9      | Reached XP level 10. HP: 43/81 MP: 21/21
 11126 | D:8      | Reached skill level 8 in Spellcasting
 11441 | D:9      | HP: 1/81 [wyvern (14)]
 11451 | D:9      | Mangled by a wyvern

Skill      XL: |  1  2  3  4  5  6  7  8  9 10 |
---------------+-------------------------------+-----
Dodging        | 2 3 4 |  4.0
Fighting       | 2 3 4 5 |  5.0
Spellcasting   | 3 4 5 7 8 |  8.0
Slings         | 1 2 3 |  3.1
Transmutations | 3 4 |  4.0
Evocations     | 2 6 |  6.0
Long Blades    | 1 |  1.3
Hexes          | 2 4 |  4.3
Maces & Flails | 2 4 |  4.1
Translocations | 1 3 |  3.0
Necromancy     | 3 |  3.7
Unarmed Combat | |  3.0

Action                   |  1- 3 |  4- 6 |  7- 9 | 10-12 || total
-------------------------+-------+-------+-------+-------++-------
Melee: Short sword       |    78 |    16 |       |       ||    94
       Kick              |     6 |       |       |       ||     6
       Tailslap          |     8 |     8 |    56 |     5 ||    77
       Punch             |     2 |     1 |     3 |       ||     6
       Unarmed           |       |    26 |     7 |       ||    33
       Whip              |       |    67 |    91 |       ||   158
       Long sword        |       |     2 |       |       ||     2
       Mace              |       |       |   274 |    37 ||   311
       Falchion          |       |       |    61 |       ||    61
       Hand axe          |       |       |    41 |       ||    41
 Fire: Hunting sling     |    27 |   104 |    14 |       ||   145
Throw: Stone             |     6 |     1 |       |       ||     7
 Cast: Beastly Appendage |     2 |       |       |       ||     2
       Sticks to Snakes  |    11 |     3 |     7 |     4 ||    25
       Spider Form       |       |     3 |     1 |       ||     4
       Ice Form          |       |     1 |       |       ||     1
       Confusing Touch   |       |       |     2 |       ||     2
       Animate Skeleton  |       |       |     8 |       ||     8
       Blink             |       |       |     4 |     1 ||     5
Evoke: Wand              |       |       |    14 |       ||    14
  Use: Scroll            |       |       |     4 |    10 ||    14
       Potion            |       |       |     4 |     1 ||     5
 Stab: Paralysed         |       |     1 |       |       ||     1
       Sleeping          |       |       |     1 |       ||     1
  Eat: Chunk             |     1 |     9 |    17 |       ||    27
       Ration            |       |     1 |     2 |       ||     3
Armor: Skin              |    38 |    75 |   127 |     7 ||   247
Dodge: Dodged            |    90 |   143 |   327 |    28 ||   588
       Rpst.: Falchion   |       |       |     7 |       ||     7
